 Dungeon Sprint DCSS version 0.28.0-43-g3370ac3207 (webtiles) character file.

Game seed: 5480501673789369133

5278 Arandomuser the Severer (level 10, -4/107 HPs)
             Began as a Hill Orc Monk on Mar 16, 2022.
             Was the Champion of Beogh.
             Engulfed by a cloud of flame (18 damage)
             ... in the Dungeon (Sprint VII: "The Pits").
             The game lasted 00:06:18 (1372 turns).

Arandomuser the Severer (Hill Orc Monk)             Turns: 1372, Time: 00:06:18

Health: -4/107     AC: 20    Str: 19    XL:     10   Next: 63%
Magic:  10/10      EV: 15    Int: 10    God:    Beogh [******]
Gold:   0          SH:  0    Dex: 16    Spells: 9/9 levels left

rFire   . . .      SeeInvis .   u - +1 broad axe (vorpal)
rCold   . . .      Faith    .   (no shield)
rNeg    . . .      Spirit   .   r - +4 chain mail
rPois   .          Reflect  .   (no helmet)
rElec   .          Harm     .   n - +2 cloak
rCorr   .          Rampage  .   t - +0 pair of gloves
Will    .....      NoTele   +   (no boots)
Stlth   ..........              (no amulet)
HPRegen 0.27/turn               o - +3 ring of dexterity
MPRegen 0.12/turn               p - +3 ring of evasion

@: no status effects
A: walk on water
a: Renounce Religion, Smiting, Recall Orcish Followers, Give Item to Named
Follower, Resurrection


You were in the Dungeon.
You worshipped Beogh.
Beogh was exalted by your worship.
You visited 1 branch

Inventory:

Hand Weapons
 a - a +0 hand axe
 i - a +2 hand axe
 j - a +2 mace
 m - a +4 quarterstaff of chaos
 u - a +1 vorpal broad axe (weapon)
 w - a +2 halberd of venom
 x - a +2 rapier of speed
 y - a +4 quarterstaff of draining
 z - a +2 scimitar of holy wrath
 A - a +2 dire flail of protection
Armour
 b - a +0 robe
 l - a +3 chain mail of positive energy
 n - a +2 cloak (worn)
 q - a +0 pair of gloves
 r - a +4 chain mail (worn)
 s - a +0 pair of gloves
 t - a +0 pair of gloves (worn)
 B - a +0 troll leather armour {Pargi}
Jewellery
 o - a +3 ring of dexterity (left hand)
 p - a +3 ring of evasion (right hand)
Scrolls
 h - a scroll of blinking
Potions
 c - 7 potions of curing
 d - 10 potions of heal wounds
 e - a potion of haste
 f - 4 potions of magic
 g - a potion of berserk rage
 k - 2 potions of invisibility
 v - a potion of might


   Skills:
 + Level 16.0 Fighting
 + Level 19.9 Axes
 + Level 10.5 Armour
 + Level 9.0 Dodging
 + Level 3.6 Stealth


You had 9 spell levels left.
You didn't know any spells.
Your spell library was empty.

Dungeon Overview and Level Annotations

Branches:
Dungeon (1/1)

Altars:
Ashenzari
Cheibriados
Dithmenos
Elyvilon
Fedhas
Gozag
Hepliaklqana
Kikubaaqudgha
Makhleb
Nemelex Xobeh
Okawaru
Qazlal
Ru
Sif Muna
Trog
Uskayaw
Vehumet
Wu Jian
Xom
Yredelemnul
Zin
The Shining One
Beogh
Jiyva
Lugonu


Message History

The ynoxinul gestures at you. The iron shot misses you.
The iron shot hits your orc knight!! The fire crab misses you.
The fire crab claws you!
You are engulfed in flames!
Your orc knight roars a battlecry!
Your orcs go into a battle-frenzy!
You slash the ynoxinul!
The ynoxinul is almost dead.
You hit the fire crab but do no damage.
The ynoxinul hits you but does no damage.
The fire crab completely misses you. The fire crab misses you.
You slash the ynoxinul!
You kill the ynoxinul!
Beogh accepts your kill.
You slash the fire crab! The fire crab closely misses you.
The fire crab claws you!
You are engulfed in flames!
The ogre hits you with a +0 giant club!
You slash the fire crab!
The fire crab is almost dead.
You slash the ogre! The fire crab breathes flames at you.
The blast of flame engulfs you but does no damage.
Your orc warrior is engulfed in blazing flames.
Your orc warrior hits the fire crab with a +0 flail!!
The fire crab dies!
Beogh accepts your kill.
Your orc warrior looks more experienced.
The ogre is engulfed in blazing flames.
The ogre dies!
Your orc knight is engulfed in blazing flames.
Your Fighting skill increases to level 16!
Your Dodging skill increases to level 9!
You swap places.
You are engulfed in blazing flames.
Your orc knight is engulfed in blazing flames.
Your orc is engulfed in blazing flames.
There is an open door here.
You swap places.
You are engulfed in blazing flames.
* * * LOW HITPOINT WARNING * * *
Your orc knight is engulfed in blazing flames.
You swap places.
You are engulfed in blazing flames.
You die...

.......##))#########
.......##.)).......#
.......##))........+
...<...##..#####...#
.......##..'...#...
.......##..#†..#..
.......##..#...#°#####
#########..#####ooo°°#
#########......o@#°°°+
..#!...##.......o#.°°#
..#.!..###'###...#...#
..'....##.)..'...#+###
..#!...##....#.........
..#....##....#.........
#######################


You could see 2 friendly orc knights, 2 friendly orc warriors and a friendly orc
(strong).

Vanquished Creatures
  An emperor scorpion (D)
  A centaur warrior (D)
  An orc high priest (D)
  A phantasmal warrior (D)
  2 orc sorcerers (D)
  An unseen horror (D)
  A wraith (D)
  2 ynoxinuls (D)
  A water moccasin (D)
  4 floating eyes (D)
  Pargi (D)
  2 sky beasts (D)
  A necrophage (D)
  2 scorpions (D)
  Crazy Yiuf (D)
  A hound (D)
  An orc wizard (D)
  3 ufetubi (D)
  2 worms (D)
  An orc (D)
  A ball python (D)
  An endoplasm (D)
  2 goblins (D)
  A hobgoblin (D)
  A quokka (D)
  A ball python skeleton (D)
37 creatures vanquished.

Vanquished Creatures (collateral kills)
  A fire crab (D)
  A troll (D)
  A gnoll (D)
3 creatures vanquished.

Vanquished Creatures (others)
  An ogre (D)
  An orc priest (D)
  5 orcs (D)
7 creatures vanquished.

Grand Total: 47 creatures vanquished

Notes
Turn   | Place    | Note
-------+----------+-------------------------------------------
     0 | D        | Arandomuser the Hill Orc Monk began the quest for the Orb.
     0 | D        | Reached XP level 1. HP: 19/19 MP: 1/1
    11 | D        | Noticed a floating eye
    13 | D        | Paralysed by a floating eye for 3 turns
    20 | D        | Killed a floating eye
    21 | D        | Reached skill level 8 in Axes
    21 | D        | Reached XP level 2. HP: 34/34 MP: 2/2
    21 | D        | Reached XP level 3. HP: 39/39 MP: 3/3
    21 | D        | Reached XP level 4. HP: 47/47 MP: 4/4
    27 | D        | Found a bloodstained altar of Trog.
    27 | D        | Found a shimmering blue altar of Sif Muna.
    27 | D        | Found a viscous altar of Jiyva.
    27 | D        | Found a hazy altar of Hepliaklqana.
    27 | D        | Found an opulent altar of Gozag.
    28 | D        | Found a glowing golden altar of the Shining One.
    28 | D        | Found a glowing silver altar of Zin.
    28 | D        | Found a basalt altar of Yredelemnul.
    28 | D        | Found a shimmering altar of Xom.
    28 | D        | Found an ornate altar of the Wu Jian Council.
    28 | D        | Found a sacrificial altar of Ru.
    28 | D        | Found a stormy altar of Qazlal.
    28 | D        | Found an iron altar of Okawaru.
    28 | D        | Found a sparkling altar of Nemelex Xobeh.
    28 | D        | Found a burning altar of Makhleb.
    28 | D        | Found a blossoming altar of Fedhas.
    28 | D        | Found a white marble altar of Elyvilon.
    28 | D        | Found a shadowy altar of Dithmenos.
    28 | D        | Found a snail-covered altar of Cheibriados.
    32 | D        | Found a roughly hewn altar of Beogh.
    32 | D        | Found a corrupted altar of Lugonu.
    32 | D        | Found a radiant altar of Vehumet.
    33 | D        | Found a broken altar of Ashenzari.
    33 | D        | Found an ancient bone altar of Kikubaaqudgha.
    33 | D        | Found a hide-covered altar of Uskayaw.
    40 | D        | Became a worshipper of Beogh the Brigand
    40 | D        | Reached * piety under Beogh
    40 | D        | Reached ** piety under Beogh
   195 | D        | Noticed a floating eye
   198 | D        | Paralysed by a floating eye for 2 turns
   203 | D        | Killed a floating eye
   203 | D        | Reached *** piety under Beogh
   204 | D        | Reached skill level 9 in Axes
   204 | D        | Reached skill level 5 in Dodging
   204 | D        | Reached XP level 5. HP: 47/55 MP: 5/5
   221 | D        | Reached skill level 10 in Axes
   221 | D        | Reached XP level 6. HP: 56/62 MP: 6/6
   227 | D        | Reached **** piety under Beogh
   293 | D        | Noticed a floating eye
   294 | D        | Noticed a sky beast
   301 | D        | Paralysed by a floating eye for 4 turns
   308 | D        | Killed a sky beast
   309 | D        | Reached skill level 11 in Axes
   311 | D        | Killed a floating eye
   312 | D        | Reached skill level 12 in Axes
   312 | D        | Reached XP level 7. HP: 71/71 MP: 7/7
   316 | D        | Reached ***** piety under Beogh
   328 | D        | Reached skill level 10 in Fighting
   392 | D        | Reached skill level 1 in Armour
   403 | D        | Reached skill level 13 in Axes
   497 | D        | Noticed Crazy Yiuf
   509 | D        | Killed Crazy Yiuf
   510 | D        | Reached XP level 8. HP: 71/82 MP: 8/8
   573 | D        | Noticed a ynoxinul
   584 | D        | Killed a ynoxinul
   585 | D        | Reached skill level 14 in Axes
   767 | D        | Noticed a troll
   767 | D        | Noticed an orc sorcerer
   767 | D        | Noticed an orc sorcerer
   767 | D        | Noticed an orc high priest
   767 | D        | Noticed an orc knight
   773 | D        | Noticed an ice devil
   773 | D        | Noticed a soul eater
   773 | D        | Killed a troll
   773 | D        | Reached ****** piety under Beogh
   774 | D        | Reached skill level 15 in Axes
   778 | D        | Killed an orc high priest
   778 | D        | Killed an orc sorcerer
   779 | D        | Reached skill level 16 in Axes
   779 | D        | Reached XP level 9. HP: 66/93 MP: 9/9
   780 | D        | Killed an orc sorcerer
   781 | D        | Reached skill level 17 in Axes
  1045 | D        | Noticed Pargi
  1045 | D        | Noticed a phantasmal warrior
  1054 | D        | Killed a phantasmal warrior
  1055 | D        | Reached skill level 18 in Axes
  1059 | D        | Killed Pargi
  1143 | D        | Killed an unseen horror
  1274 | D        | Noticed an emperor scorpion
  1274 | D        | Noticed a centaur warrior
  1286 | D        | Killed an emperor scorpion
  1287 | D        | Reached skill level 15 in Fighting
  1287 | D        | Reached skill level 19 in Axes
  1287 | D        | Reached XP level 10. HP: 84/105 MP: 10/10
  1291 | D        | Killed a centaur warrior
  1296 | D        | Reached skill level 10 in Armour
  1363 | D        | Noticed a fire crab
  1369 | D        | Killed a fire crab
  1372 | D        | Engulfed by a cloud of flame

Illustrated notes

Levels and vault maps discovered:
D:        pitsprint [storerooms_1, entrance_room_1, metal_vault_8, armoury_2,
          mini_pit_1, grid_room_1, main_hall_1, silver_pit, the_coven_1,
          the_vestibule_1, steel_vault_5, golden_pit, hallway_of_sentries,
          crystal_vault_5, iron_vault_1, final_vault]

Skill      XL: |  1  2  3  4  5  6  7  8  9 10 |
---------------+-------------------------------+-----
Fighting       | 7 8 9 11 13 15 16 | 16.0
Axes           | 8 9 10 12 13 16 19 | 19.9
Dodging        | 4 5 6 7 8 9 |  9.0
Stealth        | 2 3 |  3.6
Armour         | 2 6 9 10 | 10.5

Action                   |  1- 3 |  4- 6 |  7- 9 | 10-12 || total
-------------------------+-------+-------+-------+-------++-------
Melee: Hand axe          |     6 |    50 |    57 |       ||   113
       Punch             |       |     2 |     1 |       ||     3
       Broad axe         |       |       |    42 |    12 ||    54
  Use: Potion            |       |     2 |     3 |       ||     5
 Stab: Sleeping          |       |     1 |       |       ||     1
Armor: Robe              |       |     4 |       |       ||     4
       Chain mail        |       |     6 |    48 |     9 ||    63
Dodge: Dodged            |       |    46 |    56 |    13 ||   115
